 Dungeon Crawl Stone Soup version 0.24.0-13-gcf9b319 (webtiles) character file.

Game seed: 9321859651732315504, levelgen mode: deterministic

11463 ClockworkOrrery the Blocker (level 11, -3/89 HPs)
             Began as a Gnoll Fighter on Feb 14, 2020.
             Was an Initiate of Ashenzari.
             Slain by Urug
             ... wielding a +2 broad axe
              (21 damage)
             ... on level 11 of the Dungeon.
             The game lasted 00:39:11 (10174 turns).

ClockworkOrrery the Blocker (Gnoll Fighter)        Turns: 10174, Time: 00:39:12

Health: -3/89      AC: 20    Str: 20    XL:     11   Next: 78%
Magic:  20/20      EV:  9    Int: 11    God:    Ashenzari [......]
Gold:   445        SH: 12    Dex: 19    Spells: 23/23 levels left

rFire    . . .     SeeInvis .   M - +2 morningstar (freeze)
rCold    . . .     Gourm    .   c - +0 shield
rNeg     . . .     Faith    .   m - +0 plate armour
rPois    .         Spirit   .   w - +0 helmet (curse)
rElec    .         Reflect  .   P - +1 cloak
rCorr    +         Harm     .   v - +0 pair of gloves
MR       .....                  g - +0 pair of boots
Stlth    ..........             N - amulet of regeneration
HPRegen  0.64/turn              p - ring of resist corrosion
MPRegen  0.17/turn              D - +3 ring of dexterity

@: no status effects
A: distributed training, fangs 1, strong nose
a: Curse Item, Renounce Religion


You were on level 11 of the Dungeon.
You worshipped Ashenzari.
Ashenzari was noncommittal.
You were hungry.

You visited 2 branches of the dungeon, and saw 12 of its levels.

You collected 694 gold pieces.
You spent 249 gold pieces at shops.

Inventory:

Hand Weapons
 x - a +1 flail of protection
 M - a +2 morningstar of freezing (weapon)
Armour
 c - a +0 shield (worn)
 g - a +0 pair of boots (worn)
 m - a +0 plate armour (worn)
 v - a +0 pair of gloves (worn)
 w - a cursed +0 helmet (worn)
 P - a +1 cloak (worn)
Jewellery
 p - a ring of resist corrosion (left hand)
 D - a +3 ring of dexterity (right hand)
 N - an amulet of regeneration (around neck)
 Q - an uncursed ring of magical power
 T - an uncursed ring of protection from fire
Wands
 i - a wand of digging (8)
 l - a wand of paralysis (7)
 t - a wand of disintegration (14)
Scrolls
 b - 5 scrolls of teleportation
 e - 3 scrolls of magic mapping {unknown}
 h - 2 scrolls of blinking {unknown}
 n - a scroll of random uselessness {unknown}
 o - a scroll of amnesia {unknown}
 q - a scroll of remove curse
 z - a scroll of immolation {unknown}
 A - 4 scrolls of enchant weapon {unknown}
 E - a scroll of enchant armour {unknown}
 R - a scroll of fear {unknown}
 U - 4 scrolls of identify
Potions
 d - a potion of might
 j - 4 potions of heal wounds {unknown}
 k - 2 potions of magic {unknown}
 r - 2 potions of flight {unknown}
 s - a potion of mutation {unknown}
 u - 2 potions of brilliance {unknown}
 B - 3 potions of invisibility {unknown}
 C - 2 potions of degeneration {unknown}
 G - a potion of lignification {unknown}
 O - 4 potions of curing
Comestibles
 f - 20 rations


   Skills:
 + Level 9.3 Fighting
 + Level 6.5 Short Blades
 + Level 6.5 Long Blades
 + Level 6.5 Axes
 + Level 8.0 Maces & Flails
 + Level 6.5 Polearms
 + Level 6.5 Staves
 + Level 6.5 Slings
 + Level 6.5 Bows
 + Level 6.5 Crossbows
 + Level 6.5 Throwing
 + Level 9.3 Armour
 + Level 6.5 Dodging
 + Level 6.5 Stealth
 + Level 9.3 Shields
 + Level 6.5 Unarmed Combat
 + Level 6.5 Spellcasting
 + Level 5.4 Conjurations
 + Level 5.4 Hexes
 + Level 5.4 Charms
 + Level 5.4 Summonings
 + Level 5.4 Necromancy
 + Level 5.4 Translocations
 + Level 5.4 Transmutations
 + Level 5.4 Fire Magic
 + Level 5.4 Ice Magic
 + Level 5.4 Air Magic
 + Level 5.4 Earth Magic
 + Level 5.4 Poison Magic
 + Level 7.1 Invocations
 + Level 6.5 Evocations


You had 23 spell levels left.
You didn't know any spells.
Your spell library contained the following spells:

 Spells                   Type           Power        Failure   Level  Hunger
 Animate Skeleton         Necr           N/A          58%         1    None
 Apportation              Tloc           ###...       58%         1    None
 Confusing Touch          Hex            ###...       58%         1    None
 Magic Dart               Conj           ###.         58%         1    None
 Shock                    Conj/Air       ###.         58%         1    None
 Summon Small Mammal      Summ           ###.         58%         1    None
 Searing Ray              Conj           ###...       75%         2    ##.....
 Swiftness                Chrm/Air       ###.....     75%         2    ##.....
 Confuse                  Hex            ###.....     92%         3    ###....
 Dazzling Spray           Conj/Hex       ###...       92%         3    ###....
 Gell's Gravitas          Tloc           ###.......   92%         3    ###....
 Static Discharge         Conj/Air       ###.....     92%         3    ###....
 Airstrike                Air            ###.......   100%        4    ####...
 Force Lance              Conj/Tloc      ###.....     100%        4    ####...
 Fulminant Prism          Conj/Hex       ###.......   100%        4    ####...
 Iskenderun's Mystic Bla  Conj           ###.....     100%        4    ####...
 Petrify                  Tmut/Erth      ###.....     100%        4    ####...
 Lightning Bolt           Conj/Air       ###.......   100%        5    ######.
 Metabolic Englaciation   Hex/Ice        ###.......   100%        5    ######.
 Yara's Violent Unravell  Hex/Tmut       ###.......   100%        5    ######.


Dungeon Overview and Level Annotations

Branches:
Dungeon (11/15)            Temple (1/1) D:5            Lair (0/6) D:10
    Orc: D:9-12

Altars:
Ashenzari
Cheibriados
Dithmenos
Elyvilon
Fedhas
Gozag
Hepliaklqana
Kikubaaqudgha
Makhleb
Nemelex Xobeh
Okawaru
Qazlal
Ru
Sif Muna
Trog
Uskayaw
Vehumet
Wu Jian
Xom
Yredelemnul
Zin
The Shining One

Shops:
D:4 *   D:8 %*%!   D:10 =

Annotations:
D:11 Urug


Innate Abilities, Weirdness & Mutations

Your experience applies equally to all skills.
You have very sharp teeth.
Your uncanny sense of smell can sniff out nearby items.


Message History

Urug is severely wounded.
Urug screams, "Prepare for a defeathering!"
You block Urug's attack.
You hit Urug but do no damage.
Urug is severely wounded.
Urug hits you with a +2 broad axe.
You barely miss Urug.
Urug is severely wounded.
Urug hits you with a +2 broad axe!
Your shield and plate armour prevent you from hitting Urug.
Urug is severely wounded.
Urug hits you with a +2 broad axe.
Your shield and plate armour prevent you from hitting Urug.
Urug is severely wounded.
Urug hits you with a +2 broad axe!
* * * LOW HITPOINT WARNING * * *
You sock Urug! You freeze Urug. Your bite misses Urug.
Urug is almost dead.
Urug hits you with a +2 broad axe!!
You die...

### #.. #####.###.#
##....#.##.####
#.....(.......#
#.......##.##.##.##
#.#.##.###.#.......
#...##.# #.<.....#
#..###.# #########
#..###@# ....
#.....o# ./...
#.###.##...... ...
#.(....... ###.
#.##...... #. ..##
[..o. ....# ....
#.... ### #.a#


You could see Urug.

Vanquished Creatures
  2 two-headed ogres (D:10)
  The ghost of bonegar the Carver, a novice MiAK of Lugonu (D:6)
  Pikel (D:5)
  A manticore (D:11)
  2 centaur zombies (D:10)
  The ghost of grumblor the Chopper, an amateur DDBe of Trog (D:4)
  The ghost of judgestillwater the Cudgeler, an amateur HuBe of Trog (D:3)
  A hornet (D:9)
  Grinder (D:5)
  Prince Ribbit (D:7)
  2 hippogriffs (D:9)
  Sigmund (D:5)
  A spriggan (D:8)
  A wyvern (D:8)
  3 hungry ghosts
  3 wargs
  2 orc warriors
  A slave (Temple)
  3 black bears
  A phantom (D:4)
  6 ice beasts
  3 necrophages (D:7)
  4 ogres
  5 centaurs
  A sky beast (D:11)
  Blork the orc (D:5)
  An elf zombie (D:7)
  5 bullfrogs
  3 scorpions
  A troll zombie (D:7)
  4 wights (D:7)
  3 howler monkeys
  A bullfrog zombie (D:7)
  6 crimson imps
  A quasit (D:9)
  3 jellies
  Crazy Yiuf (D:3)
  8 orc priests
  2 bullfrog skeletons
  7 hounds
  3 centaur skeletons
  5 human zombies (D:7)
  5 iguanas
  Terence (D:2)
  16 orc wizards
  8 worker ants
  A killer bee zombie (D:7)
  2 hound zombies
  11 mummies (D:7)
  4 gnolls (D:4)
  2 worker ant zombies
  A howler monkey skeleton (D:5)
  9 adders
  2 adder skeletons (D:5)
  2 adder zombies (D:7)
  3 worms
  2 dart slugs (D:2)
  4 leopard geckos
  28 orcs
  A ball python (D:1)
  6 giant cockroaches
  6 goblins
  5 hobgoblins
  11 jackals
  7 quokkas
  10 bats
  5 frilled lizards
  A jackal skeleton (D:4)
  A jackal zombie (D:5)
  10 kobolds
  2 leopard gecko skeletons
  An orc zombie (D:7)
  7 rats
  A fungus (D:3)
279 creatures vanquished.

Vanquished Creatures (others)
  A slave (D:5)
  A shadow imp (D:5)
2 creatures vanquished.

Grand Total: 281 creatures vanquished

Notes
Turn   | Place    | Note
-------+----------+-------------------------------------------
     0 | D:1      | ClockworkOrrery the Gnoll Fighter began the quest for the
                  | Orb.
     0 | D:1      | Reached XP level 1. HP: 23/23 MP: 1/1
    66 | D:1      | Reached XP level 2. HP: 29/29 MP: 2/2
   435 | D:1      | Reached XP level 3. HP: 35/35 MP: 3/3
   720 | D:2      | Noticed Terence
   742 | D:2      | Killed Terence
   742 | D:2      | Reached skill level 1 in Short Blades
   742 | D:2      | Reached skill level 1 in Long Blades
   742 | D:2      | Reached skill level 1 in Axes
   742 | D:2      | Reached skill level 1 in Polearms
   742 | D:2      | Reached skill level 1 in Staves
   742 | D:2      | Reached skill level 1 in Slings
   742 | D:2      | Reached skill level 1 in Bows
   742 | D:2      | Reached skill level 1 in Crossbows
   742 | D:2      | Reached skill level 1 in Throwing
   742 | D:2      | Reached skill level 1 in Dodging
   742 | D:2      | Reached skill level 1 in Stealth
   742 | D:2      | Reached skill level 1 in Unarmed Combat
   742 | D:2      | Reached skill level 1 in Spellcasting
   742 | D:2      | Reached skill level 1 in Invocations
   742 | D:2      | Reached skill level 1 in Evocations
   790 | D:2      | Reached XP level 4. HP: 41/41 MP: 5/5
  1240 | D:2      | Found a sparkling altar of Nemelex Xobeh.
  1338 | D:3      | Reached skill level 1 in Conjurations
  1338 | D:3      | Reached skill level 1 in Hexes
  1338 | D:3      | Reached skill level 1 in Charms
  1338 | D:3      | Reached skill level 1 in Summonings
  1338 | D:3      | Reached skill level 1 in Necromancy
  1338 | D:3      | Reached skill level 1 in Translocations
  1338 | D:3      | Reached skill level 1 in Transmutations
  1338 | D:3      | Reached skill level 1 in Fire Magic
  1338 | D:3      | Reached skill level 1 in Ice Magic
  1338 | D:3      | Reached skill level 1 in Air Magic
  1338 | D:3      | Reached skill level 1 in Earth Magic
  1338 | D:3      | Reached skill level 1 in Poison Magic
  1433 | D:3      | Found a large runed translucent door.
  1434 | D:3      | Found a large runed translucent door.
  1436 | D:3      | Noticed judgestillwater's ghost (amateur HuBe)
  1455 | D:3      | Killed judgestillwater's ghost
  1455 | D:3      | Reached XP level 5. HP: 29/47 MP: 5/7
  1455 | D:3      | Reached XP level 6. HP: 33/53 MP: 5/8
  1502 | D:3      | Reached skill level 5 in Maces & Flails
  2115 | D:3      | Found a runed translucent door.
  2116 | D:3      | Noticed Crazy Yiuf
  2126 | D:3      | Killed Crazy Yiuf
  2258 | D:4      | Reached XP level 7. HP: 49/59 MP: 10/10
  2453 | D:4      | Found a transporter.
  2453 | D:4      | Noticed grumblor's ghost (amateur DDBe)
  2505 | D:4      | Found a hide-covered altar of Uskayaw.
  2769 | D:4      | Reached XP level 8. HP: 54/67 MP: 12/12
  2831 | D:4      | Found a transporter.
  2957 | D:4      | Found a radiant altar of Vehumet.
  2972 | D:4      | Found an opulent altar of Gozag.
  2973 | D:4      | Found Gozag's Platinum Reserve.
  3144 | D:4      | Killed grumblor's ghost
  3361 | D:5      | Entered Level 5 of the Dungeon
  3499 | D:5      | Found a staircase to the Ecumenical Temple.
  3502 | D:5      | Noticed Pikel
  3503 | D:5      | Noticed Grinder
  3526 | Temple   | Entered the Ecumenical Temple
  3628 | Temple   | Paralysed by Grinder for 6 turns
  3672 | D:5      | Paralysed by Grinder for 5 turns
  3678 | D:5      | Killed Pikel
  3693 | D:5      | Killed Grinder
  3693 | D:5      | Reached XP level 9. HP: 19/73 MP: 14/14
  4021 | D:5      | Noticed Sigmund
  4042 | D:5      | Killed Sigmund
  4058 | D:5      | Noticed Blork the orc
  4065 | D:5      | Killed Blork the orc
  4469 | D:6      | Got a bloodstained quarterstaff
  5244 | D:6      | Found a runed translucent door.
  5245 | D:6      | Noticed bonegar's ghost (novice MiAK)
  5387 | D:6      | Killed bonegar's ghost
  5387 | D:6      | Reached skill level 5 in Invocations
  5506 | D:6      | Reached XP level 10. HP: 73/80 MP: 15/17
  5685 | D:7      | Reached skill level 5 in Short Blades
  5685 | D:7      | Reached skill level 5 in Long Blades
  5685 | D:7      | Reached skill level 5 in Axes
  5685 | D:7      | Reached skill level 5 in Polearms
  5685 | D:7      | Reached skill level 5 in Staves
  5685 | D:7      | Reached skill level 5 in Slings
  5685 | D:7      | Reached skill level 5 in Bows
  5685 | D:7      | Reached skill level 5 in Crossbows
  5685 | D:7      | Reached skill level 5 in Throwing
  5685 | D:7      | Reached skill level 5 in Dodging
  5685 | D:7      | Reached skill level 5 in Stealth
  5685 | D:7      | Reached skill level 5 in Unarmed Combat
  5685 | D:7      | Reached skill level 5 in Spellcasting
  5685 | D:7      | Reached skill level 5 in Evocations
  6220 | D:7      | Noticed Prince Ribbit
  6234 | D:7      | Killed Prince Ribbit
  6411 | D:7      | Found a basalt altar of Yredelemnul.
  7246 | D:8      | Found Zoditua's Food Emporium.
  7250 | D:8      | Found Zymial's Food Shoppe.
  7267 | D:8      | Found Muneqiujywk's Distillery.
  7284 | D:8      | Bought a potion of curing for 39 gold pieces
  7514 | D:8      | Found Roes's Assorted Antiques.
  7522 | D:8      | Bought a moonstone ring for 105 gold pieces
  7522 | D:8      | Bought a coral ring for 105 gold pieces
  7813 | D:9      | Reached XP level 11. HP: 82/87 MP: 19/19
  7891 | D:9      | Found a shattered altar of Ashenzari.
  8098 | D:9      | Became a worshipper of Ashenzari the Shackled
  8848 | D:10     | Entered Level 10 of the Dungeon
  9047 | D:10     | Paralysed by a hornet for 1 turns
  9072 | D:9      | Reached skill level 5 in Conjurations
  9072 | D:9      | Reached skill level 5 in Hexes
  9072 | D:9      | Reached skill level 5 in Charms
  9072 | D:9      | Reached skill level 5 in Summonings
  9072 | D:9      | Reached skill level 5 in Necromancy
  9072 | D:9      | Reached skill level 5 in Translocations
  9072 | D:9      | Reached skill level 5 in Transmutations
  9072 | D:9      | Reached skill level 5 in Fire Magic
  9072 | D:9      | Reached skill level 5 in Ice Magic
  9072 | D:9      | Reached skill level 5 in Air Magic
  9072 | D:9      | Reached skill level 5 in Earth Magic
  9072 | D:9      | Reached skill level 5 in Poison Magic
  9159 | D:10     | Found a staircase to the Lair.
  9329 | D:10     | Noticed a two-headed ogre
  9333 | D:10     | Killed a two-headed ogre
  9379 | D:10     | Noticed a two-headed ogre
  9413 | D:10     | Killed a two-headed ogre
  9469 | D:10     | Found Horonnes's Jewellery Shop.
 10026 | D:11     | Noticed a manticore
 10041 | D:11     | Killed a manticore
 10145 | D:11     | Noticed Urug
 10174 | D:11     | Slain by Urug

Levels and vault maps discovered:
D:1:      giann_horns, layout_basic
D:2:      layout_rooms, nicolae_overflow_hidden_temple, first_ration,
          uniq_terence
D:3:      layout_basic, ebering_ghost_disaster_area, uniq_crazy_yiuf_cottage
D:4:      layout_basic, nicolae_gozag_zags_fifth_avenue, vehumet_altar_wand_db,
          nicolae_overflow_crystal_walls, gammafunk_ghost_arena,
          grunt_tough_drop
D:5:      layout_loops_cross, minmay_temple_entry_stoned_glass,
          uniq_blork_the_orc, uniq_sigmund, uniq_grinder, uniq_pikel
D:6:      layout_loops_ring, gammafunk_ghost_grave
D:7:      layout_loops_ring, lemuel_mausoleum_altar_yredelemnul, serial_undead,
          serial_undead_e, serial_undead_a, serial_undead_a, serial_undead_d,
          serial_undead_c, serial_undead_a, uniq_prince_ribbit1
D:8:      layout_basic, serial_shops, nicolae_shop_waterfront, shop, shop,
          nicolae_shop_temple_entry_statues_fountains, the_bakery
D:9:      layout_loops_ring, nicolae_ashenzari_panopticon,
          kennysheep_generic_room_13
D:10:     layout_irregular_city, erik_lair_orcish_takeover, serial_shops, shop
D:11:     layout_loops_cross, orc_0_dummy, uniq_urug, uniq_erica
Temple:   eino_temple_rhombus

Skill      XL: |  1  2  3  4  5  6  7  8  9 10 11 |
---------------+----------------------------------+-----
Short Blades   | 1 2 3 4 5 6 |  6.5
Long Blades    | 1 2 3 4 5 6 |  6.5
Axes           | 1 2 3 4 5 6 |  6.5
Polearms       | 1 2 3 4 5 6 |  6.5
Staves         | 1 2 3 4 5 6 |  6.5
Slings         | 1 2 3 4 5 6 |  6.5
Bows           | 1 2 3 4 5 6 |  6.5
Crossbows      | 1 2 3 4 5 6 |  6.5
Throwing       | 1 2 3 4 5 6 |  6.5
Dodging        | 1 2 3 4 5 6 |  6.5
Stealth        | 1 2 3 4 5 6 |  6.5
Unarmed Combat | 1 2 3 4 5 6 |  6.5
Spellcasting   | 1 2 3 4 5 6 |  6.5
Invocations    | 1 2 3 4 5 6 7 |  7.1
Evocations     | 1 2 3 4 5 6 |  6.5
Conjurations   | 1 2 3 4 5 |  5.4
Hexes          | 1 2 3 4 5 |  5.4
Charms         | 1 2 3 4 5 |  5.4
Summonings     | 1 2 3 4 5 |  5.4
Necromancy     | 1 2 3 4 5 |  5.4
Translocations | 1 2 3 4 5 |  5.4
Transmutations | 1 2 3 4 5 |  5.4
Fire Magic     | 1 2 3 4 5 |  5.4
Ice Magic      | 1 2 3 4 5 |  5.4
Air Magic      | 1 2 3 4 5 |  5.4
Earth Magic    | 1 2 3 4 5 |  5.4
Poison Magic   | 1 2 3 4 5 |  5.4
Maces & Flails | 5 6 7 8 |  8.0
Fighting       | 7 8 9 |  9.3
Armour         | 7 8 9 |  9.3
Shields        | 7 8 9 |  9.3

Action                   |  1- 3 |  4- 6 |  7- 9 | 10-12 || total
-------------------------+-------+-------+-------+-------++-------
Melee: Flail             |    80 |   149 |   425 |    60 ||   714
       Bite              |    13 |    12 |    73 |   106 ||   204
       Morningstar       |       |       |       |   544 ||   544
       Whip              |       |       |       |    67 ||    67
  Use: Scroll            |       |       |     3 |     4 ||     7
  Eat: Chunk             |       |     5 |    11 |    20 ||    36
       Ration            |       |       |     1 |     2 ||     3
Armor: Scale mail        |    24 |       |       |       ||    24
       Plate armour      |    22 |    82 |   271 |   356 ||   731
Dodge: Dodged            |    12 |    23 |    95 |   163 ||   293
Block: Shield            |    33 |    65 |   270 |   387 ||   755
